[Event "Titled Tuesday Blitz September 27 Late 2022"]
[White "Janaszak, Dawid"]
[Black "Goltsev, Dmitry"]
[WhiteFideId "1119206"]
[BlackFideId "24176710"]
[WhiteElo "2165"]
[BlackElo "2257"]
[Result "1-0"]
[Round "09"]
[TimeControl "180+1"]
[Date "2022.09.28"]
[WhiteClock "0:00:46"]
[BlackClock "0:00:54"]

1. e4 e6 2. b3 d5 3. Bb2 dxe4 4. Nc3 Nf6 5. Qe2 Nc6 6. O-O-O Nd4 7. Qe1 Be7 8. Nxe4 b6 9. Nf3 Nxf3 10. gxf3 Bb7 11. Rg1 O-O 12. Qe3 Kh8 13. Rxg7 Bxe4 14. Qh6 Bg6 15. Bd3 Qxd3 16. cxd3 Rad8 17. Rxh7+ Bxh7 18. Bxf6+ Bxf6 19. Qxf6+ Kg8 20. Rg1+ Bg6 21. h4 Rd5 22. Rxg6+ fxg6 23. Qxe6+ Rf7 24. Qxd5 Kg7 25. h5 gxh5 26. Qxh5 a5 27. a4 c6 28. Kd1 b5 29. axb5 cxb5 30. Qxb5 Kf6 31. Qxa5 Kg6 32. Qe5 Kh7 33. Qh5+ Kg7 34. Qxf7+ Kh8 35. Qe7 Kg8 36. b4 Kh8 37. b5 Kg8 38. b6 Kh8 39. b7 Kg8 40. b8=Q# 1-0


[Site "https://www.chess.com"]

[Event "Titled Tuesday Blitz September 27 Late 2022"]
[White "Kamsky, Gata"]
[Black "Naroditsky, Daniel"]
[WhiteFideId "2000024"]
[BlackFideId "2026961"]
[WhiteElo "2666"]
[BlackElo "2628"]
[Result "1/2-1/2"]
[Round "09"]
[TimeControl "180+1"]
[Date "2022.09.27"]
[WhiteClock "0:00:48"]
[BlackClock "0:00:32"]

1. e4 c5 2. Nf3 Nf6 3. e5 Nd5 4. d4 cxd4 5. Qxd4 Nc7 6. g3 Nc6 7. Qe4 d5 8. exd6 Qxd6 9. Bg2 Qb4+ 10. Qxb4 Nxb4 11. Na3 f6 12. O-O e5 13. Rd1 Be6 14. b3 Be7 15. c3 Nc6 16. Nc2 O-O 17. c4 Rad8 18. Be3 Kf7 19. Nd2 Bg4 20. f3 Bf5 21. Ne4 Ne6 22. Rd5 Nc7 23. Rdd1 Ne6 24. Rd5 Nc7 25. Rdd1 1/2-1/2


[Site "https://www.chess.com"]

[Event "Titled Tuesday Blitz September 27 Late 2022"]
[White "Korchmar, Vasiliy"]
[Black "Saraci, Nderim"]
[WhiteFideId "24131750"]
[BlackFideId "6351921"]
[WhiteElo "2370"]
[BlackElo "2553"]
[Result "0-1"]
[Round "09"]
[TimeControl "180+1"]
[Date "2022.09.27"]
[WhiteClock "0:00:01"]
[BlackClock "0:00:38"]

1. e4 c5 2. Nf3 Nc6 3. d4 cxd4 4. Nxd4 g6 5. c4 Bg7 6. Be3 Nf6 7. Nc3 O-O 8. Be2 d6 9. O-O Bd7 10. Qd2 Nxd4 11. Bxd4 Bc6 12. f3 a5 13. b3 Nd7 14. Be3 Nc5 15. Rab1 Qb6 16. Rfc1 Rfc8 17. Nb5 Bxb5 18. cxb5 Qd8 19. Kh1 h5 20. Bf1 Nd7 21. Rxc8 Rxc8 22. Rc1 Nc5 23. Bc4 a4 24. bxa4 Nxa4 25. Bb3 Rxc1+ 26. Qxc1 Nc5 27. Bd5 e6 28. Bc4 Qa5 29. Qd1 Qc3 30. Qe2 Bd4 31. Bxd4 Qxd4 32. h3 d5 33. exd5 exd5 34. Bb3 Nxb3 35. axb3 Kg7 36. Kh2 b6 37. Qe7 Qf4+ 38. Kh1 Qf6 39. Qd8 Qxd8 0-1


[Site "https://www.chess.com"]

[Event "Titled Tuesday Blitz September 27 Late 2022"]
[White "Lin, Dachey"]
[Black "Barria Zuniga, Daniel"]
[WhiteFideId "2029650"]
[BlackFideId "3400816"]
[WhiteElo "2313"]
[BlackElo "2414"]
[Result "1-0"]
[Round "09"]
[TimeControl "180+1"]
[Date "2022.09.27"]
[WhiteClock "0:01:52"]
[BlackClock "0:00:03"]

1. g4 d5 2. Bg2 e6 3. d4 c5 4. c3 Nc6 5. Nf3 Nf6 6. h3 Be7 7. Bf4 O-O 8. O-O b5 9. Ne5 Nxe5 10. dxe5 Nd7 11. e4 Nb6 12. exd5 Nxd5 13. Bg3 Bb7 14. Nd2 Qb6 15. Ne4 Rad8 16. Qe2 Rfe8 17. Kh2 c4 18. Rae1 b4 19. f4 bxc3 20. bxc3 Bc5 21. Rb1 Qc6 22. Rxb7 Qxb7 23. Nxc5 Qb5 24. Ne4 Qa5 25. Qf3 Qxa2 26. f5 exf5 27. gxf5 Qa6 28. e6 fxe6 29. f6 Rf8 30. f7+ Kh8 31. Be5 Qb7 32. Bxg7+ Kxg7 33. Qg3+ Kh6 34. Qg5# 1-0


[Site "https://www.chess.com"]

[Event "Titled Tuesday Blitz September 27 Late 2022"]
[White "Luxama, Jacques Muller"]
[Black "Garcia Almaguer, Juan Manuel"]
[WhiteFideId "11900113"]
[BlackFideId "5110491"]
[WhiteElo "1931"]
[BlackElo "2153"]
[Result "0-1"]
[Round "09"]
[TimeControl "180+1"]
[Date "2022.09.28"]
[WhiteClock "0:00:02"]
[BlackClock "0:00:11"]

1. e4 e5 2. Nf3 Nc6 3. Bb5 a6 4. Ba4 Nf6 5. O-O Be7 6. c3 b5 7. Bb3 O-O 8. d4 Nxe4 9. dxe5 Nc5 10. Bc2 d5 11. h3 Be6 12. Re1 Qd7 13. Nbd2 Bf5 14. Nf1 Bxc2 15. Qxc2 Rfe8 16. Bf4 Rad8 17. Rad1 Qe6 18. Nd4 Nxd4 19. cxd4 Na4 20. b3 Nb6 21. Qxc7 Rc8 22. Qb7 Bb4 23. Re2 a5 24. Qa6 Qc6 25. Rc1 Qg6 26. Rxc8 Rxc8 27. Qxb5 h6 28. Ne3 Qe6 29. Qd3 g5 30. Bg3 Rc3 31. Qf5 a4 32. Qxe6 fxe6 33. Ng4 Kg7 34. bxa4 Nxa4 35. Nf6 Rc1+ 36. Kh2 Bc3 37. Ne8+ Kf7 38. Nd6+ Ke7 39. Nb5 Ba1 40. h4 Rb1 41. Nd6 Bxd4 42. hxg5 hxg5 43. Rc2 Bc5 44. Nc8+ Kd7 45. Nd6 Rb2 46. Rxb2 Nxb2 47. Nf7 Be7 48. Kh3 Nd3 49. Kg4 Nb4 50. Nxg5 Bxg5 51. Kxg5 d4 52. Bf4 Kc6 53. g4 Nxa2 54. Kf6 Kd5 55. g5 Nc3 56. g6 Ne2 57. Bd2 Nc3 58. g7 Ne4+ 59. Ke7 Nxd2 60. g8=Q Nc4 61. Qd8+ Ke4 62. Kxe6 Kd3 63. Qd5 Kc3 64. Kf6 d3 65. e6 Nb6 66. Qc5+ Nc4 67. e7 d2 0-1


[Site "https://www.chess.com"]

[Event "Titled Tuesday Blitz September 27 Late 2022"]
[White "Martinez Alcantara, Jose Eduardo"]
[Black "Jobava, Baadur"]
[WhiteFideId "3805662"]
[BlackFideId "13601520"]
[WhiteElo "2703"]
[BlackElo "2582"]
[Result "0-1"]
[Round "09"]
[TimeControl "180+1"]
[Date "2022.09.27"]
[WhiteClock "0:00:05"]
[BlackClock "0:00:22"]

1. e4 e6 2. d4 d5 3. exd5 exd5 4. Nf3 Nf6 5. Bd3 Bd6 6. h3 O-O 7. O-O Nc6 8. c3 h6 9. Nbd2 Re8 10. Re1 Rxe1+ 11. Qxe1 Ne7 12. Ne5 Bf5 13. Bf1 c6 14. Ndf3 Qc7 15. Be3 Re8 16. Rc1 Ng6 17. Qd1 Ne4 18. c4 dxc4 19. Nxc4 Bf4 20. Qb3 Be6 21. Qa3 Bxc4 22. Bxc4 Nxf2 23. Re1 Ne4 24. Bd3 Ng5 25. Bf2 Nxf3+ 26. gxf3 Rxe1+ 27. Bxe1 Be3+ 28. Kf1 Bxd4 29. Bxg6 fxg6 30. Qd3 Qd7 31. Kg2 Kh7 32. b4 Qd5 33. a4 Bf6 34. Qe2 a6 35. a5 Qg5+ 36. Kf1 Bd4 37. Qe4 Qe3 38. h4 h5 39. Kg2 Qg1+ 40. Kh3 Bf6 41. Bg3 Qh1+ 42. Bh2 Qf1+ 43. Kg3 Bc3 0-1


[Site "https://www.chess.com"]

[Event "Titled Tuesday Blitz September 27 Late 2022"]
[White "Matinian, Nikita"]
[Black "Dounis, Alexandros"]
[WhiteFideId "24129100"]
[BlackFideId "4213238"]
[WhiteElo "2422"]
[BlackElo "2204"]
[Result "0-1"]
[Round "09"]
[TimeControl "180+1"]
[Date "2022.09.27"]
[WhiteClock "0:00:12"]
[BlackClock "0:00:21"]

1. e4 e5 2. Nf3 Nc6 3. Bb5 a6 4. Ba4 g6 5. c3 Bg7 6. d4 b5 7. Bb3 exd4 8. cxd4 Nge7 9. d5 Na5 10. Bd2 Nxb3 11. Qxb3 d6 12. O-O O-O 13. Bc3 f6 14. Nd4 Kh8 15. Nd2 Qe8 16. Rfe1 c5 17. dxc6 Nxc6 18. Nxc6 Qxc6 19. Rac1 Qd7 20. Nf3 Bb7 21. Rcd1 Rae8 22. Qc2 Qe6 23. Nd4 Qxa2 24. h4 Qc4 25. b3 Qc5 26. b4 Qc4 27. h5 gxh5 28. f3 Rc8 29. Re3 Bh6 30. Red3 Bf4 31. Qb2 Be5 32. Ne2 h4 33. Bxe5 dxe5 34. Qd2 h3 35. Qh6 Qg8 36. Qxh3 Rc2 37. Ng3 Bc8 38. Qh4 Qg5 39. Qxg5 fxg5 40. Nh5 g4 41. Rd8 Kg8 42. Nf6+ Kf7 43. Rxf8+ Kxf8 44. Nxh7+ Kg7 45. Ng5 Kg6 46. f4 exf4 47. Rd5 g3 48. Kf1 Bg4 49. Nf3 Bxf3 50. gxf3 Rf2+ 51. Kg1 Rxf3 52. Rd6+ Kg5 53. Rxa6 Re3 0-1


[Site "https://www.chess.com"]

[Event "Titled Tuesday Blitz September 27 Late 2022"]
[White "Melikyan, Gnel"]
[Black "Jimenez Fernandez, Rebeca"]
[WhiteFideId "54109990"]
[BlackFideId "32070934"]
[WhiteElo "1772"]
[BlackElo "1946"]
[Result "0-1"]
[Round "09"]
[TimeControl "180+1"]
[Date "2022.09.28"]
[WhiteClock "0:00:11"]
[BlackClock "0:00:08"]

1. d4 d5 2. Nf3 Nf6 3. Bf4 e6 4. e3 Bd6 5. Nbd2 Bxf4 6. exf4 O-O 7. c3 b6 8. Bd3 Qd6 9. Ne5 c5 10. O-O cxd4 11. cxd4 Ba6 12. Qe2 Bxd3 13. Qxd3 Nc6 14. Rac1 Rfc8 15. a3 Ne7 16. Qa6 Rc7 17. Nb3 Rac8 18. Nc5 Nf5 19. Nb7 Qe7 20. Rxc7 Rxc7 21. Qxa7 Rxb7 22. Qa8+ Ne8 23. Rc1 Nd6 24. Nc6 Qc7 25. Rc3 g6 26. Nd8 Qb8 27. Qxb8 Rxb8 28. Nc6 Rb7 29. a4 Kg7 30. b3 Rc7 31. f3 Nf5 32. Rc2 Ned6 33. Kf2 Rc8 34. Ke2 Ne7 35. Nb4 Rxc2+ 36. Nxc2 Nc6 37. Kd3 Na5 38. Kc3 Nf5 39. b4 Nc6 40. a5 bxa5 41. b5 Nb8 42. Na1 Nh4 43. g3 Nxf3 44. Nb3 a4 45. Nc5 a3 46. b6 a2 47. Nb3 Nc6 48. b7 Kf8 49. Kb2 Ke7 50. Na5 Nb8 51. Kxa2 Nxd4 52. Kb2 Kd7 53. Kc3 Ndc6 54. Nb3 Kc7 55. Nc5 Kb6 56. Nd3 Kxb7 57. Kd2 Kc7 58. Ne1 Kd6 59. Nf3 Nd7 60. Ng5 Ke7 61. Nxh7 f6 62. g4 Kf7 63. g5 Kg7 64. Nxf6 Nxf6 65. gxf6+ Kxf6 66. Ke3 Kf5 67. Kf3 e5 68. fxe5 Nxe5+ 69. Ke3 g5 70. Kd4 Nf3+ 71. Kxd5 Nxh2 72. Kd4 Kf4 73. Kd3 Kf3 74. Kd2 Kf2 75. Kd3 g4 76. Ke4 g3 77. Kf4 g2 78. Kg5 g1=Q+ 79. Kh4 Nf3+ 80. Kh3 Qg3# 0-1


[Site "https://www.chess.com"]

[Event "Titled Tuesday Blitz September 27 Late 2022"]
[White "Mikhailov, Viacheslav"]
[Black "Fernandez De La Vara, Arnaldo"]
[WhiteFideId "4187369"]
[BlackFideId "3518388"]
[WhiteElo "2381"]
[BlackElo "2387"]
[Result "0-1"]
[Round "09"]
[TimeControl "180+1"]
[Date "2022.09.27"]
[WhiteClock "0:00:01"]
[BlackClock "0:00:15"]

1. Nf3 c5 2. g3 b6 3. Bg2 Bb7 4. O-O Nf6 5. c3 g6 6. d4 Bg7 7. a4 Nc6 8. Ne5 Qc8 9. Nxc6 Bxc6 10. d5 Bb7 11. c4 O-O 12. Nc3 Ne8 13. a5 Nd6 14. Bg5 Re8 15. Qd3 Ba6 16. b3 b5 17. cxb5 Nxb5 18. Nxb5 Qb8 19. d6 Bxb5 20. Qc2 Bxa1 21. Bxa8 Qxd6 22. Rxa1 Rxa8 23. Be3 Rc8 24. Rd1 Qc6 25. Qc3 d5 26. Qe5 d4 27. Bh6 Qf6 28. Qe4 Bc6 29. Qg4 Qf5 30. Qxf5 gxf5 31. Rc1 Bd5 32. b4 c4 33. b5 f6 34. b6 axb6 35. axb6 Kf7 36. Rb1 Bb7 37. Rb4 e5 38. Bc1 Ke6 39. Ra4 Rc6 40. Rb4 Kd5 41. f3 c3 42. Kf2 e4 43. Bh6 e3+ 44. Ke1 c2 45. Kf1 c1=Q+ 46. Kg2 Qc2 47. Kh3 Qxe2 48. Bf4 Qxf3 49. Rb5+ Ke6 50. Ra5 Qg4+ 51. Kg2 Rc2+ 0-1


[Site "https://www.chess.com"]

[Event "Titled Tuesday Blitz September 27 Late 2022"]
[White "Moaataz, Ayah"]
[Black "Romanchuk, Viktor"]
[WhiteFideId "10615873"]
[BlackFideId "14109271"]
[WhiteElo "1993"]
[BlackElo "2242"]
[Result "0-1"]
[Round "09"]
[TimeControl "180+1"]
[Date "2022.09.28"]
[WhiteClock "0:00:17"]
[BlackClock "0:00:06"]

1. c4 c6 2. g3 d5 3. Bg2 Nf6 4. Nf3 Bg4 5. Ne5 Bh5 6. cxd5 Nxd5 7. g4 Bg6 8. h4 Nd7 9. Nc4 h5 10. g5 e6 11. Nc3 Nf4 12. Bf3 Qc7 13. d4 Be7 14. Bd2 O-O 15. Bxf4 Qxf4 16. e3 Qc7 17. Bxh5 Bh7 18. Bf3 Rad8 19. Be4 Bxe4 20. Nxe4 e5 21. g6 exd4 22. Qh5 fxg6 23. Qxg6 Bb4+ 24. Ke2 Nf6 25. Ng5 dxe3 26. Ne6 Qe7 27. Rhg1 Rf7 28. Nxd8 exf2+ 29. Kxf2 Qxd8 30. Ke2 Re7+ 31. Ne3 Qd2+ 32. Kf1 Qxe3 33. Kg2 Qe4+ 34. Qxe4 Rxe4 35. h5 Nxh5 36. Rad1 Re7 37. Rd8+ Kf7 38. Rf1+ Nf6 39. Rb8 Ba5 40. Rf5 Bb6 41. Rf3 Bc5 42. Rb3 b6 43. a4 Bd6 44. a5 Bxb8 45. axb6 axb6 46. Rxb6 Be5 47. Rxc6 Bxb2 48. Rb6 Be5 49. Rb3 g5 50. Rf3 Bf4 51. Kf1 Kg6 52. Rb3 Kf5 53. Rb6 Re5 54. Rb3 Ne4 55. Ra3 Ng3+ 56. Kg2 Kg4 57. Kg1 Re1+ 58. Kg2 Re2+ 59. Kg1 Be3+ 60. Rxe3 Rxe3 61. Kg2 Rf3 62. Kh2 Nf5 63. Kg1 Kf4 64. Kg2 g4 65. Kg1 g3 66. Kg2 Kg4 67. Kg1 Kh3 68. Kh1 Rf1# 0-1


[Site "https://www.chess.com"]

[Event "Titled Tuesday Blitz September 27 Late 2022"]
[White "Musovic, Armin"]
[Black "Prydun, Andriy"]
[WhiteFideId "939935"]
[BlackFideId "14145898"]
[WhiteElo "2255"]
[BlackElo "2163"]
[Result "0-1"]
[Round "09"]
[TimeControl "180+1"]
[Date "2022.09.28"]
[WhiteClock "0:00:05"]
[BlackClock "0:00:13"]

1. a3 d5 2. Nc3 c6 3. e4 Nf6 4. e5 Nfd7 5. f4 e6 6. Nf3 Be7 7. g3 b6 8. Bh3 Ba6 9. d3 c5 10. O-O g6 11. Qe2 Nc6 12. Bd2 Nd4 13. Qd1 Rc8 14. Ne2 Nxf3+ 15. Rxf3 d4 16. Rf2 Bb7 17. g4 h5 18. Ng3 hxg4 19. Bxg4 Bh4 20. Bf3 Qc7 21. Qe2 Nb8 22. Rg2 Nc6 23. Ne4 Be7 24. Rf1 Kd7 25. Bg4 Rcg8 26. c4 dxc3 27. bxc3 Kc8 28. Be3 Kb8 29. Rb1 Rd8 30. Bf3 Rh3 31. Rg3 Rh4 32. a4 Na5 33. Bf2 Rxf4 34. d4 c4 35. Bg2 Nb3 36. Re1 Qd7 37. Qc2 Qxa4 38. Be3 Rf5 39. Bh3 Qc6 40. Bg2 Qc7 41. Nd2 Nxd2 42. Qxd2 Bxg2 43. Rxg2 Qb7 44. Qe2 Qd5 45. Rf2 Rh8 46. Bf4 Rh3 47. Bg3 Bd8 48. Ref1 a6 49. Qa2 Ka7 50. Ra1 a5 51. Qa4 b5 52. Qd1 a4 53. Qf1 Ba5 54. Qxh3 Bxc3 55. Rxf5 gxf5 56. Rf1 a3 57. Qh7 Qb7 58. Bf2 Ka6 59. d5 exd5 60. Qh3 b4 61. Qxf5 a2 62. Qf6+ Kb5 63. Qg7 b3 64. Qf8 b2 65. Qc5+ Ka4 66. Rd1 a1=Q 67. Kg2 Qxd1 68. Qf8 b1=Q 69. Qg8 Qe4+ 70. Kg3 Qh5 71. Qg4 Qexg4# 0-1


[Site "https://www.chess.com"]

[Event "Titled Tuesday Blitz September 27 Late 2022"]
[White "Nakamura, Hikaru"]
[Black "Carlsen, Magnus"]
[WhiteFideId "2016192"]
[BlackFideId "1503014"]
[WhiteElo "2850"]
[BlackElo "2830"]
[Result "1/2-1/2"]
[Round "09"]
[TimeControl "180+1"]
[Date "2022.09.27"]
[WhiteClock "0:00:04"]
[BlackClock "0:00:02"]

1. e4 g6 2. d4 d6 3. Nc3 Bg7 4. h4 h5 5. Nh3 Bxh3 6. Rxh3 Nd7 7. Be3 Ngf6 8. f3 c6 9. Qd2 b5 10. O-O-O b4 11. Ne2 a5 12. Kb1 O-O 13. Bg5 c5 14. Bh6 c4 15. Bxg7 Kxg7 16. Qg5 Nh7 17. Qe3 c3 18. g4 Nhf6 19. e5 Nd5 20. Qe4 e6 21. gxh5 cxb2 22. hxg6 f5 23. exf6+ Qxf6 24. h5 Rh8 25. f4 N7b6 26. Bg2 Rh6 27. Qd3 Rc8 28. Bxd5 Nxd5 29. Qa6 Rc7 30. Rdh1 Qf5 31. Qd3 Qxd3 32. Rxd3 Nc3+ 33. Nxc3 bxc3 34. d5 exd5 35. Rxd5 Rc4 36. Rd3 d5 37. f5 d4 38. Rg3 Rc8 39. Rg4 Rch8 40. Rf1 Kf6 41. Rxd4 Rxh5 42. Rd6+ Ke5 43. Re6+ Kd5 44. Ree1 Rg5 45. a3 a4 46. Ka2 Rg2 47. Kb1 Rf8 48. Rg1 Rxg1 49. Rxg1 Ke5 50. g7 Rg8 51. Rg3 Kxf5 52. Rxc3 Rxg7 53. Rc4 Ra7 54. Kxb2 Ke5 55. Kc3 Kd5 56. Rb4 Kc5 57. Kb2 Ra8 58. Rh4 Kb5 59. c4+ Ka5 60. Rh5+ Ka6 61. Rb5 Rd8 62. Kc3 Re8 63. Kb4 Rf8 64. Kxa4 Rc8 65. Kb4 Rh8 66. a4 Rh1 67. Rg5 Rb1+ 68. Kc5 Rh1 69. Rd5 Ka5 70. Kc6+ Kxa4 71. c5 Ka5 72. Kc7 Ka6 73. c6 Rh7+ 74. Rd7 Rh6 75. Rd6 Rh7+ 76. Kd8 Rh8+ 77. Kd7 Kb6 78. Re6 Rh7+ 79. Kd6 Rh1 80. Kd7 Rh7+ 81. Kd6 Rh1 82. Kd7 Rh7+ 1/2-1/2


[Site "https://www.chess.com"]

[Event "Titled Tuesday Blitz September 27 Late 2022"]
[White "Nogerbek, Kazybek"]
[Black "Averjanov, Alexey"]
[WhiteFideId "13710427"]
[BlackFideId "14109867"]
[WhiteElo "2458"]
[BlackElo "2683"]
[Result "0-1"]
[Round "09"]
[TimeControl "180+1"]
[Date "2022.09.27"]
[WhiteClock "0:00:08"]
[BlackClock "0:00:18"]

1. Nf3 c5 2. c4 Nc6 3. Nc3 g6 4. g3 Bg7 5. Bg2 e6 6. O-O Nge7 7. d4 cxd4 8. Nb5 d5 9. cxd5 Nxd5 10. Nfxd4 Nxd4 11. Nxd4 O-O 12. e4 Nb6 13. Nb5 Bd7 14. Nd6 Bc6 15. Re1 Be5 16. Bf4 Bxf4 17. gxf4 Qh4 18. Qf3 Rad8 19. Rad1 Rd7 20. Qg3 Qxg3 21. hxg3 Rfd8 22. e5 Bxg2 23. Kxg2 Nc8 24. Rd3 Nxd6 25. Red1 Kf8 26. exd6 h5 27. Kf3 Ke8 28. Ke4 f6 29. a4 Rc8 30. Rc3 Rxc3 31. bxc3 b6 32. c4 Rd8 33. a5 Kd7 34. Rb1 Kc6 35. axb6 axb6 36. Ra1 Rxd6 37. Ra8 Rd2 38. Ke3 Rc2 39. Rg8 Kd6 40. Rxg6 f5 41. Rh6 Rxc4 42. Rxh5 b5 43. Rh8 b4 44. Rb8 Kd5 45. Rb5+ Kc6 46. Rb8 Kc5 47. Kd2 Re4 48. Kd3 Rd4+ 49. Ke3 Rd6 50. f3 Kc4 51. g4 b3 52. g5 Kc3 53. Rc8+ Kb4 54. Rb8+ Kc4 55. Rc8+ Kb4 56. Rb8+ Kc3 57. Rc8+ Kb2 58. Kf2 Ra6 59. Kg3 Ka2 60. Kh4 b2 61. Rb8 b1=Q 62. Rxb1 Kxb1 63. g6 Kc2 64. Kg5 Kd3 65. g7 Ra8 66. Kf6 Ke3 67. Kxe6 Kxf4 68. Kf6 Ra6+ 69. Kf7 Ra7+ 70. Kg6 Rxg7+ 71. Kxg7 Kxf3 0-1


[Site "https://www.chess.com"]

[Event "Titled Tuesday Blitz September 27 Late 2022"]
[White "P., Komal Kishore"]
[Black "Mesa Cruz, Juan Carlos"]
[WhiteFideId "5016703"]
[BlackFideId "6423400"]
[WhiteElo "2124"]
[BlackElo "1917"]
[Result "1/2-1/2"]
[Round "09"]
[TimeControl "180+1"]
[Date "2022.09.28"]
[WhiteClock "0:00:05"]
[BlackClock "0:00:15"]

1. e4 c5 2. Nf3 d6 3. Bb5+ Bd7 4. Bxd7+ Qxd7 5. c3 Nf6 6. e5 dxe5 7. Nxe5 Qc7 8. Qa4+ Nbd7 9. Nxd7 Qxd7 10. Qxd7+ Nxd7 11. d4 cxd4 12. cxd4 e6 13. O-O Be7 14. Nc3 Nb6 15. Rd1 Bb4 16. Nb5 Kd7 17. a3 Bd6 18. Nxd6 Kxd6 19. Bf4+ Kd7 20. Kf1 Rac8 21. Rac1 Rxc1 22. Rxc1 Nd5 23. Bd2 Rc8 24. Ke2 Rxc1 25. Bxc1 Kc6 26. Kd3 a5 27. b3 a4 28. bxa4 Nb6 29. a5 Nc8 30. a4 Kd5 31. Ba3 Na7 32. Bb4 Nc6 33. Bc3 h5 34. h3 f5 35. f3 h4 36. Be1 g5 37. Bd2 f4 38. Bc3 Ne7 39. a6 bxa6 40. Ba5 Nc6 41. Bc7 Nxd4 42. Bd8 e5 43. Bxg5 Nf5 44. Bf6 Ne3 45. Bxh4 Nxg2 46. Bg5 Ne3 47. h4 Nf5 48. h5 Nd6 49. h6 Ke6 50. h7 Nf7 51. Bh4 Kf5 52. a5 Kg6 53. Kc4 Kxh7 54. Kc5 Kg6 55. Kb6 Nd6 56. Kxa6 Nc4 57. Kb5 Nxa5 58. Kxa5 Kf5 59. Kb4 e4 60. fxe4+ Kxe4 61. Kc3 Kf3 62. Kd2 Kg2 63. Ke1 Kf3 64. Bf2 Kg4 65. Bd4 Kf3 66. Kf1 Ke4 67. Ba7 Kf3 68. Bb6 Kg4 69. Ba7 Kf5 70. Bb6 Ke4 71. Ba7 Kf3 72. Bb6 Kg4 73. Bc7 Kf5 74. Bxf4 1/2-1/2


[Site "https://www.chess.com"]

[Event "Titled Tuesday Blitz September 27 Late 2022"]
[White "Pace, Christopher"]
[Black "Kjartansson, Gudmundur"]
[WhiteFideId "2610167"]
[BlackFideId "2301318"]
[WhiteElo "2348"]
[BlackElo "2338"]
[Result "0-1"]
[Round "09"]
[TimeControl "180+1"]
[Date "2022.09.28"]
[WhiteClock "0:00:07"]
[BlackClock "0:00:08"]

1. g3 Nf6 2. Bg2 e6 3. c4 Be7 4. Nc3 O-O 5. e4 c5 6. Nge2 Nc6 7. d4 cxd4 8. Nxd4 Nxd4 9. Qxd4 Qc7 10. O-O d6 11. Rd1 a6 12. Bg5 Bd7 13. Bxf6 Bxf6 14. Qxd6 Qxd6 15. Rxd6 Bc6 16. Rc1 Rfd8 17. Rxd8+ Rxd8 18. Rd1 Rc8 19. Rd3 Be8 20. f4 Be7 21. b3 b5 22. cxb5 axb5 23. e5 b4 24. Ne4 Bb5 25. Rd2 Rc1+ 26. Kf2 f5 27. Nd6 Ba6 28. Bf3 g5 29. Be2 Bxe2 30. Kxe2 gxf4 31. gxf4 Bh4 32. Nc4 Kf7 33. Rd7+ Kg6 34. Rd2 Rh1 35. Kf3 Kh5 36. Kg2 Re1 37. a4 bxa3 38. Nxa3 Kg4 39. b4 Kxf4 40. b5 Re3 41. Nc4 Rb3 42. b6 Rb4 43. Rd4+ Kg5 44. Kf3 h5 45. h3 Rb3+ 46. Kg2 Rb4 47. Kf3 Be1 48. Ke2 Bc3 49. h4+ Kh6 50. Rf4 Bxe5 0-1


[Site "https://www.chess.com"]

[Event "Titled Tuesday Blitz September 27 Late 2022"]
[White "Petrova, Irina"]
[Black "Gonzalez Vega, Alejandro"]
[WhiteFideId "14124122"]
[BlackFideId "3510042"]
[WhiteElo "2021"]
[BlackElo "2215"]
[Result "0-1"]
[Round "09"]
[TimeControl "180+1"]
[Date "2022.09.28"]
[WhiteClock "0:00:01"]
[BlackClock "0:00:08"]

1. e4 c5 2. Nf3 a6 3. b3 Nc6 4. Bb2 d6 5. g3 e5 6. Bg2 g6 7. O-O Bg7 8. c3 Nge7 9. d4 O-O 10. d5 Nb8 11. c4 h6 12. a4 f5 13. Nc3 f4 14. h3 g5 15. g4 Ng6 16. Nd2 Nh4 17. f3 Nd7 18. a5 Rf7 19. Ba3 Bf8 20. b4 Qc7 21. Qe2 cxb4 22. Bxb4 Nc5 23. Rfb1 Rb8 24. Nb3 Nxb3 25. Rxb3 Bd7 26. Nd1 h5 27. Nb2 hxg4 28. hxg4 Rh7 29. Be1 Rc8 30. Bf2 Be8 31. c5 Bb5 32. Rxb5 axb5 33. Qxb5 dxc5 34. Nc4 Bd6 35. a6 bxa6 36. Qxa6 Bf8 37. Qe6+ Kh8 38. Qxe5+ Qxe5 39. Nxe5 Bg7 40. Bxh4 Bxe5 41. Ra6 gxh4 42. Re6 Bd4+ 43. Kf1 h3 44. Bh1 h2 45. Kg2 Rb8 46. d6 Rb2+ 47. Kf1 Rf2+ 48. Ke1 Rb2 49. Re8+ Kg7 50. d7 Bc3+ 51. Kd1 Rd2+ 52. Kc1 Rxd7 53. e5 Bxe5 54. Rxe5 Rh6 55. Rg5+ Kh7 56. Rxc5 Rhd6 57. Rh5+ Kg6 58. Rxh2 Rd1+ 59. Kc2 Ra1 60. Kb2 Rf1 61. Bg2 Rf2+ 62. Kc3 Rdd2 63. Rh8 Rxg2 64. Rg8+ Kf7 65. Ra8 Rdf2 66. Kd4 Rxf3 67. Ke4 Rf1 68. Kf5 f3 69. Ra7+ Ke8 70. g5 f2 71. g6 Rxg6 72. Kxg6 Rg1+ 0-1


[Site "https://www.chess.com"]

[Event "Titled Tuesday Blitz September 27 Late 2022"]
[White "Preotu, Razvan"]
[Black "Adury, Anant"]
[WhiteFideId "2613280"]
[BlackFideId "30964687"]
[WhiteElo "2407"]
[BlackElo "2538"]
[Result "1-0"]
[Round "09"]
[TimeControl "180+1"]
[Date "2022.09.27"]
[WhiteClock "0:00:05"]
[BlackClock "0:00:26"]

1. e4 d6 2. d4 Nf6 3. Nc3 e5 4. Nf3 Nc6 5. Bb5 exd4 6. Qxd4 Bd7 7. Bxc6 Bxc6 8. Bg5 Be7 9. O-O-O O-O 10. Qd3 Nd7 11. Bxe7 Qxe7 12. Rhe1 Ne5 13. Nxe5 dxe5 14. Nd5 Bxd5 15. exd5 Rad8 16. f4 f6 17. Kb1 Qd6 18. fxe5 fxe5 19. Qe3 c6 20. Qxa7 cxd5 21. Qxb7 d4 22. Qe4 Rfe8 23. c3 Qb6 24. cxd4 exd4 25. Qxe8+ Rxe8 26. Rxe8+ Kf7 27. Re2 Qg6+ 28. Ka1 Qh5 29. Rf1+ Kg8 30. g4 Qg6 31. h3 h5 32. gxh5 Qxh5 33. Rd2 Qxh3 34. Rfd1 g5 35. Rxd4 Qe3 36. Rd7 g4 37. Rc7 Qg5 38. Rdd7 1-0


[Site "https://www.chess.com"]

[Event "Titled Tuesday Blitz September 27 Late 2022"]
[White "Rangel, Daniel"]
[Black "Tanenbaum, Zachary"]
[WhiteFideId "2124475"]
[BlackFideId "2060850"]
[WhiteElo "2225"]
[BlackElo "2175"]
[Result "0-1"]
[Round "09"]
[TimeControl "180+1"]
[Date "2022.09.28"]
[WhiteClock "0:00:06"]
[BlackClock "0:00:59"]

1. c4 e5 2. g3 Nc6 3. Bg2 Nf6 4. Nc3 Bc5 5. e3 d6 6. Nge2 O-O 7. O-O Re8 8. d4 Bb6 9. Nd5 Bg4 10. f3 Bh5 11. Nxb6 axb6 12. d5 Ne7 13. e4 c6 14. dxc6 bxc6 15. Be3 d5 16. exd5 cxd5 17. cxd5 Nexd5 18. Bf2 e4 19. Nc3 Nxc3 20. bxc3 e3 21. Qxd8 exf2+ 22. Rxf2 Rexd8 23. Rb2 Nd5 24. g4 Bg6 25. f4 Bd3 26. Rd2 Bc4 27. Rad1 Ra5 28. Rd4 Rc5 29. Rxc4 Rxc4 30. Bxd5 Kf8 31. Bxc4 Rxd1+ 32. Kf2 Rc1 33. Bb3 Rxc3 34. h4 g6 35. Kg2 Kg7 36. g5 f6 37. Be6 h6 38. Bb3 fxg5 39. fxg5 hxg5 40. hxg5 Rc5 41. Kg3 Rxg5+ 42. Kf4 Rf5+ 43. Kg4 Kf6 44. Kg3 g5 45. Kg2 Rf4 46. Kg3 Ke5 47. Bg8 Kd4 48. Bb3 Kc3 49. Bg8 Kb2 50. Be6 Ra4 51. Bg8 Rxa2 52. Kg4 Ra5 53. Be6 Rc5 54. Bf7 b5 55. Bg6 b4 56. Bf5 Rxf5 57. Kxf5 b3 58. Kxg5 Kc2 59. Kf4 b2 0-1


[Site "https://www.chess.com"]

[Event "Titled Tuesday Blitz September 27 Late 2022"]
[White "Rastbod, Ali"]
[Black "Salman, Pavel"]
[WhiteFideId "12567477"]
[BlackFideId "24153753"]
[WhiteElo "2191"]
[BlackElo "2039"]
[Result "1-0"]
[Round "09"]
[TimeControl "180+1"]
[Date "2022.09.28"]
[WhiteClock "0:00:20"]
[BlackClock "0:00:12"]

1. e4 c5 2. Nf3 e6 3. g3 Nc6 4. Bg2 g6 5. d4 cxd4 6. Nxd4 a6 7. O-O Bg7 8. Nxc6 dxc6 9. Re1 Qxd1 10. Rxd1 Ne7 11. Nd2 b5 12. Nb3 O-O 13. c3 a5 14. Be3 b4 15. Bd4 bxc3 16. bxc3 Ba6 17. Nc5 Bc4 18. Bxg7 Kxg7 19. Rd7 Rfe8 20. a4 Rad8 21. Rad1 Rxd7 22. Rxd7 e5 23. Bf1 Bxf1 24. Kxf1 Nc8 25. Ke2 h5 26. h4 Nb6 27. Ra7 Nc4 28. Kd3 Nb2+ 29. Kc2 Nc4 30. Kd3 Nb2+ 31. Ke2 Nc4 32. Rc7 Rb8 33. Rxc6 Rb2+ 34. Kd3 Na3 35. f4 exf4 36. gxf4 Rh2 37. f5 gxf5 38. exf5 Rxh4 39. Ne4 Rh3+ 40. Kd4 Nc2+ 41. Ke5 Ne3 42. Rc8 Rf3 43. f6+ Kg6 44. Rg8+ Kh7 45. Rg7+ Kh8 46. Rxf7 Ng4+ 47. Ke6 Re3 48. Kd5 h4 49. Kd4 Re1 50. Ng5 Nxf6 51. Rxf6 h3 52. Rh6+ Kg7 53. Rxh3 Ra1 54. Ne6+ Kf6 55. Nc5 Rd1+ 56. Kc4 Ke7 57. Re3+ Kd6 58. Rd3+ Rxd3 59. Nxd3 Kc6 60. Kd4 Kb6 61. c4 Kc6 62. c5 Kb7 63. Kd5 Ka6 64. Kd6 Kb7 65. c6+ Kb6 66. c7 Kb7 67. Kd7 Kb6 68. c8=Q Ka7 69. Qc6 Kb8 70. Qb5+ Ka7 71. Kc7 Ka8 72. Qb7# 1-0


[Site "https://www.chess.com"]